[Event "51st Rilton Cup 2023-24"]
[Site "Stockholm"]
[Date "2023.12.31"]
[Round "5.12"]
[White "Costa, Leonardo"]
[Black "Doraszelski, Alexander"]
[Result "1-0"]
[ECO "B72"]
[WhiteElo "2472"]
[BlackElo "2198"]
[Annotator "TA"]
[PlyCount "125"]
[EventDate "2023.12.27"]
[EventType "swiss"]
[EventCountry "SWE"]
[SourceTitle "playchess.com"]
[Source "ChessBase"]
[SourceQuality "1"]
[TimeControl "40/5400+30:1800+30"]

1. e4 c5 2. Nf3 d6 3. d4 cxd4 4. Nxd4 Nf6 5. Nc3 a6 6. Bd3 g6 7. f3 Bg7 8. Be3 O-O {[%emt 0:02:38] B72: Sicilian Dragon: 6 Be3, lines with h3+Bc4 and sidelines.} 9. Qd2 Nc6 10. O-O-O d5 {[%emt 0:06:05] White has an edge.} 11. Nxc6 bxc6 {[%emt 0:00:07] [#]} 12. Bc4 $1 Rb8 13. Bb3 {[%emt 0:00:11][%cal Re4d5] [#]} Be6 $146 ({Predecessor:} 13... Qc7 14. exd5 Nxd5 15. Bd4 Bxd4 16. Qxd4 Be6 17. h4 Rfd8 18. Bxd5 cxd5 19. h5 g5 {½-½ Van Leeuwen,E (2465)-Margana,A (2439) olm22 sf05 email 2020 [1]}) 14. h4 h5 15. exd5 Nxd5 16. Bd4 Bxd4 17. Qxd4 Nxc3 (17... Qc7 $14) 18. Qxc3 $16 Qc8 19. Rhe1 {[%emt 0:10:59] Bxe6 would be deadly. White is much more active.} Bxb3 20. axb3 Qc7 21. Qe5 {[%emt 0:01:18] Repels Qf4+} Rb7 22. Qxc7 Rxc7 $14 {[%emt 0:00:01][%mdl 4096] Endgame KRR-KRR} 23. Re4 Kg7 24. Ra4 Ra8 25. Ra5 Kf6 26. b4 Rb7 27. c3 Ke6 28. Kc2 (28. Rc5 $5 ) 28... Rb5 $1 29. Rda1 Rxa5 30. Rxa5 {[%emt 0:00:04] KR-KR} Kd6 31. c4 Kc7 $1 32. b5 cxb5 33. cxb5 Rc8 $1 34. Rxa6 {[%emt 0:00:02] aiming for Rc6+.} Kb7+ 35. Rc6 {Threatens to win with Rxc8.} Rd8 36. Rc3 Kb6 37. Rd3 Rc8+ 38. Kd2 Rc7 39. g3 Kxb5 40. Rb3+ Ka6 41. Ke3 Ka7 42. Kf4 {[%emt 0:00:00] Kg5 is the strong threat.} Rc5 43. Rb4 e5+ 44. Ke3 f5 45. Rb3 Rd5 46. Ke2 Rc5 47. Kd2 e4 48. fxe4 fxe4 (48... g5 $14) 49. Ke3 $18 g5 50. Kd4 $1 ({Not} 50. Kxe4 gxh4 51. gxh4 Rc4+ 52. Kf3 Rxh4 $11) 50... Rf5 51. Kxe4 Rc5 {[%emt 0:00:04] [#]} 52. hxg5 $1 Rxg5 53. Kf4 $2 (53. Kf3 $18 {Black must now prevent Rb4.} Ka6 54. Rb4) 53... Rg4+ $11 54. Kf3 {[%emt 0:00:00] Hoping for Rb5.} Rg5 {[%emt 0:01:43][%mdl 8192] Repels Rb5} (54... Ka6 $11) 55. Rb4 $18 Ka6 56. Kg2 Ka5 57. Rc4 Kb5 {[%emt 0:01:06] [#]} 58. b3 $1 Re5 59. Kh3 $2 (59. Rc1 $18 Kb4 60. Kh3) 59... Re3 $2 (59... Re1 $11) 60. Rc8 Kb6 61. Rh8 Kc7 62. Rxh5 Rxb3 63. Rd5 {[%emt 0:00:04] Weighted Error Value: White=0.38/Black=0.07 (flawless)} 1-0

[Event "51st Rilton Cup 2023-24"]
[Site "Stockholm"]
[Date "2023.12.31"]
[Round "5.13"]
[White "Krishnan, Ritvik"]
[Black "Gorshtein, Ido"]
[Result "0-1"]
[ECO "E48"]
[WhiteElo "2346"]
[BlackElo "2523"]
[Annotator "TA"]
[PlyCount "88"]
[EventDate "2023.12.27"]
[EventType "swiss"]
[EventCountry "SWE"]
[SourceTitle "playchess.com"]
[Source "ChessBase"]
[SourceQuality "1"]
[TimeControl "40/5400+30:1800+30"]

1. d4 Nf6 2. c4 e6 3. Nc3 Bb4 4. e3 O-O 5. Bd3 d5 6. a3 Bd6 {[%emt 0:04:15] E48: Nimzo-Indian: Rubinstein: 5 Bd3 d5 including 6 Ne2, but excluding 6 a3.} 7. c5 Be7 8. f4 a5 {[%emt 0:04:33] The position is equal.} 9. Rb1 b6 10. b4 axb4 11. axb4 {[%emt 0:00:09] [#]} bxc5 $146 ({Predecessor:} 11... Bb7 12. Nf3 Ne4 13. Bd2 Nd7 14. O-O f5 15. Be1 g5 16. Bxe4 dxe4 17. Nxg5 Bxg5 18. fxg5 Qxg5 {1-0 Sarana,A (2675)-Przybylski,W (2321) Titled Tuesday intern op 31st May Late blitz 2022 (1)}) 12. bxc5 Ba6 13. Nf3 c6 14. Bxa6 Rxa6 15. Qd3 {[%emt 0:02:52][%cal Ob1b8] [#] And now Rxb8! would win.} Ra7 16. O-O Nbd7 17. Bd2 Qa8 18. Rb4 Bd8 19. Rfb1 Ba5 20. Ra4 {[%emt 0:02:30] [#] Strongly threatening Rba1.} Bxc3 21. Rxa7 Qxa7 22. Bxc3 Ra8 23. Nd2 h6 24. h3 Qc7 25. Qc2 Ra3 26. Qb2 Qa7 27. Ra1 Rxa1+ 28. Qxa1 Qb7 29. Qa4 g5 30. Kf2 (30. Qd1 $11) 30... Kg7 31. Ke2 (31. fxg5 $11 {is superior.} hxg5 32. g3) 31... Nf8 $17 32. g3 (32. fxg5 $15 {feels stronger.} hxg5 33. Kf2) 32... Ng6 33. Kf2 (33. fxg5 $17 hxg5 34. Kf2) 33... gxf4 $19 34. gxf4 Ne7 35. Qa5 Nf5 36. Qb6 Qa8 37. Qa5 Qg8 38. Qc7 $2 ({Avoid the trap} 38. Ke2 $2 Kh7 39. Qc7 Qg2+ 40. Kd3 Kg6 41. Qxc6 Qxh3 $19) (38. Qa1 {was the only defense.}) 38... Kh7 39. Ke2 Qg2+ 40. Kd3 Qg6 ({Don't take} 40... Qxh3 41. Qxf7+ (41. Qxc6 $2 {too greedy.} Nxe3 42. Qb7 Kg7 $19) 41... Ng7 42. Qxf6 $18) 41. Ke2 $2 (41. Ba5 {might work better.}) 41... Kg7 {[%emt 0:36:05] Black is clearly winning.} 42. Qxc6 Qg3 43. Kd3 Nxe3 {[%emt 0:00:00] White must now prevent ...Nh5. Excellent horsemanship.} 44. Nb1 Ne4 {[%emt 0:00:00] Weighted Error Value: White=0.65/Black=0.07 (flawless)} 0-1

[Event "51st Rilton Cup 2023-24"]
[Site "Stockholm"]
[Date "2023.12.31"]
[Round "5.14"]
[White "Rozentalis, Eduardas"]
[Black "Elmi, Saad Abobaker"]
[Result "1-0"]
[ECO "B40"]
[WhiteElo "2454"]
[BlackElo "2333"]
[Annotator "RC"]
[PlyCount "69"]
[EventDate "2023.12.27"]
[EventType "swiss"]
[EventCountry "SWE"]
[SourceTitle "playchess.com"]
[Source "ChessBase"]
[SourceQuality "1"]
[TimeControl "40/5400+30:1800+30"]

1. e4 c5 2. Nf3 e6 3. g3 Nc6 4. Bg2 Nf6 5. Qe2 e5 6. c3 d6 7. d3 h6 8. a3 a5 9. a4 Be7 10. Na3 O-O 11. O-O Re8 12. Nb5 Bf8 13. Re1 Be6 14. Nd2 Bg4 15. Qf1 Na7 16. Nxa7 Rxa7 17. Nc4 Bd7 18. f4 b5 19. axb5 Bxb5 20. Ne3 exf4 21. gxf4 Bc6 22. c4 g6 23. Bd2 Bg7 24. Bc3 Nh5 25. Qf2 a4 26. Rf1 Rb7 27. Ng4 Bxc3 28. bxc3 Kg7 29. Ra2 Qa5 30. Qd2 a3 31. f5 g5 32. f6+ Kg6 33. e5 Qc7 34. d4 Nf4 35. Qc2+ 1-0

[Event "51st Rilton Cup 2023-24"]
[Site "Stockholm"]
[Date "2023.12.31"]
[Round "5.15"]
[White "Shohat, Yotam"]
[Black "Terrieux, Kevin"]
[Result "1/2-1/2"]
[ECO "B33"]
[WhiteElo "2332"]
[BlackElo "2432"]
[Annotator "RC"]
[PlyCount "106"]
[EventDate "2023.12.27"]
[EventType "swiss"]
[EventCountry "SWE"]
[SourceTitle "playchess.com"]
[Source "ChessBase"]
[SourceQuality "1"]
[TimeControl "40/5400+30:1800+30"]

1. e4 c5 2. Nf3 Nc6 3. d4 cxd4 4. Nxd4 Qb6 5. Nb3 Nf6 6. Nc3 e6 7. a3 Qc7 8. Be3 a6 9. f4 d6 10. Qf3 b5 11. Bd3 Be7 12. O-O Bb7 13. Rae1 O-O 14. Qg3 Rfe8 15. f5 exf5 16. Nd4 Nxd4 17. Bxd4 Nh5 18. Qf2 Bf6 19. exf5 Bxd4 20. Qxd4 Nf6 21. Ne4 Bxe4 22. Bxe4 Rac8 23. Bd3 Re5 24. Rc1 h5 25. h3 Rd5 26. Qf4 Re8 27. Qf2 Rde5 28. c4 Rc5 29. b3 bxc4 30. Rxc4 Rxc4 31. Bxc4 d5 32. Bxa6 Qa5 33. Bd3 Qxa3 34. Rb1 Qb4 35. Kh1 h4 36. Qf3 Qd4 37. Qd1 Qb4 38. Qf3 d4 39. Qf4 Re3 40. Bc4 Re1+ 41. Rxe1 Qxe1+ 42. Kh2 Nd7 43. Qxd4 Ne5 44. Qf4 Kf8 45. Bd5 Ke7 46. b4 f6 47. b5 Kd6 48. Qd4 Qg3+ 49. Kg1 Qe1+ 50. Kh2 Qg3+ 51. Kg1 Qe1+ 52. Kh2 Ke7 53. Qf4 g5 1/2-1/2

[Event "51st Rilton Cup 2023-24"]
[Site "Stockholm"]
[Date "2023.12.31"]
[Round "5.16"]
[White "Rakesh Kumar Jena"]
[Black "Bronstein, Or"]
[Result "0-1"]
[ECO "B22"]
[WhiteElo "2335"]
[BlackElo "2428"]
[Annotator "RC"]
[PlyCount "120"]
[EventDate "2023.12.27"]
[EventType "swiss"]
[EventCountry "SWE"]
[SourceTitle "playchess.com"]
[Source "ChessBase"]
[SourceQuality "1"]
[TimeControl "40/5400+30:1800+30"]

1. e4 c5 2. c3 d5 3. exd5 Qxd5 4. d4 e6 5. Nf3 Nf6 6. Be2 Be7 7. Be3 cxd4 8. cxd4 Nc6 9. Nc3 Qd6 10. O-O O-O 11. a3 b6 12. Bc4 Bb7 13. Ba2 Rfd8 14. Qe2 Bf8 15. Rac1 Rac8 16. Rfd1 Ne7 17. Bg5 Nfd5 18. Ne4 Qb8 19. Ne5 Rxc1 20. Bxc1 Qc8 21. Qh5 g6 22. Qh3 Qc2 23. Re1 Rc8 24. Bg5 Qxb2 25. Nf6+ Nxf6 26. Bxe6 Ne4 27. Be3 fxe6 28. Qxe6+ Kg7 29. Ng4 Nf5 30. Qd7+ Kh8 31. Qxb7 Qc3 32. Rf1 Qc6 33. Qxa7 Bg7 34. h3 Ra8 35. Qf7 Rf8 36. d5 Qd6 37. Qe6 Qxe6 38. dxe6 h5 39. Bxb6 hxg4 40. hxg4 Nfd6 41. Rd1 Re8 42. f3 Nc4 43. Rd8 Rxd8 44. Bxd8 Bd4+ 45. Kf1 Ned6 46. a4 Kg7 47. Ke2 Ne5 48. g5 Nc6 49. Kd3 Be5 50. Bc7 Nb4+ 51. Ke2 Nd5 52. Bxd6 Nf4+ 53. Ke3 Bxd6 54. Ke4 Kf8 55. g3 Nxe6 56. f4 Ke7 57. a5 Bc7 58. a6 Nc5+ 59. Kf3 Nxa6 60. g4 Bxf4 0-1

[Event "51st Rilton Cup 2023-24"]
[Site "Stockholm"]
[Date "2023.12.31"]
[Round "5.17"]
[White "Tulchynskyi, Feliks"]
[Black "Sidhant, Mohapatra"]
[Result "1/2-1/2"]
[ECO "D46"]
[WhiteElo "2325"]
[BlackElo "2408"]
[Annotator "RC"]
[PlyCount "39"]
[EventDate "2023.12.27"]
[EventType "swiss"]
[EventCountry "SWE"]
[SourceTitle "playchess.com"]
[Source "ChessBase"]
[SourceQuality "1"]
[TimeControl "40/5400+30:1800+30"]

1. d4 d5 2. c4 c6 3. e3 Nf6 4. Nc3 e6 5. Bd3 Nbd7 6. Nf3 dxc4 7. Bxc4 b5 8. Bd3 Bd6 9. O-O O-O 10. Qc2 Bb7 11. Ne4 Be7 12. Nxf6+ Nxf6 13. e4 h6 14. Rd1 Qb6 15. a4 a6 16. Be3 Ng4 17. Bf4 Nf6 18. Be3 Ng4 19. Bf4 Nf6 20. Be3 1/2-1/2

[Event "51st Rilton Cup 2023-24"]
[Site "Stockholm"]
[Date "2023.12.31"]
[Round "5.18"]
[White "Eilenberg, Jonas"]
[Black "Socko, Monika"]
[Result "0-1"]
[ECO "E32"]
[WhiteElo "2318"]
[BlackElo "2396"]
[Annotator "RC"]
[PlyCount "64"]
[EventDate "2023.12.27"]
[EventType "swiss"]
[EventCountry "SWE"]
[SourceTitle "playchess.com"]
[Source "ChessBase"]
[SourceQuality "1"]
[TimeControl "40/5400+30:1800+30"]

1. d4 Nf6 2. c4 e6 3. Nc3 Bb4 4. Qc2 d6 5. Bd2 O-O 6. a3 Bxc3 7. Bxc3 d5 8. e3 b6 9. cxd5 exd5 10. Bd3 Ba6 11. Bxa6 Nxa6 12. Ne2 Qd7 13. O-O Rfe8 14. Rae1 c6 15. Qd3 Nc7 16. f3 Nb5 17. Ng3 Rad8 18. e4 dxe4 19. fxe4 Nxd4 20. Rxf6 gxf6 21. Nh5 Re6 22. Qg3+ Kf8 23. Qg7+ Ke7 24. Kh1 c5 25. Ng3 Re5 26. Rf1 Qe6 27. h4 h5 28. Kh2 Rd6 29. Rf4 Kd7 30. Qh8 Kc7 31. Qa8 Nb5 32. Bxe5 fxe5 0-1

[Event "51st Rilton Cup 2023-24"]
[Site "Stockholm"]
[Date "2023.12.31"]
[Round "5.19"]
[White "Dhulipalla Bala Chandra Prasad"]
[Black "Del Rey, Diego"]
[Result "1-0"]
[ECO "D11"]
[WhiteElo "2396"]
[BlackElo "2302"]
[Annotator "RC"]
[PlyCount "87"]
[EventDate "2023.12.27"]
[EventType "swiss"]
[EventCountry "SWE"]
[SourceTitle "playchess.com"]
[Source "ChessBase"]
[SourceQuality "1"]
[TimeControl "40/5400+30:1800+30"]

1. d4 d5 2. c4 c6 3. Nf3 Nf6 4. e3 Bg4 5. h3 Bxf3 6. Qxf3 e6 7. Nc3 Nbd7 8. Bd3 Bb4 9. Bd2 Qe7 10. a3 Bd6 11. cxd5 exd5 12. O-O O-O 13. Rfe1 Rad8 14. e4 dxe4 15. Bxe4 Nxe4 16. Nxe4 Nb6 17. Nxd6 Qxd6 18. Bb4 Qxd4 19. Bxf8 Rxf8 20. Qb3 Qd7 21. Qe3 f5 22. Rad1 Qf7 23. Qc5 Qb3 24. Qe7 Qf7 25. Qc5 Qb3 26. Rd2 f4 27. Re7 Nd5 28. Rd7 f3 29. Qd4 Nf6 30. Rd8 fxg2 31. Rxf8+ Kxf8 32. Qd6+ Kf7 33. Qc7+ Kg6 34. Qg3+ Qxg3 35. fxg3 Nd5 36. Kxg2 Kf5 37. Re2 a5 38. Kf3 a4 39. Re8 b5 40. Ke2 h5 41. Kd3 g5 42. Kd4 h4 43. Re5+ Kf6 44. gxh4 1-0

[Event "51st Rilton Cup 2023-24"]
[Site "Stockholm"]
[Date "2023.12.31"]
[Round "5.20"]
[White "Dragicevic, Drazen"]
[Black "D`Costa, Lorin"]
[Result "1/2-1/2"]
[ECO "B13"]
[WhiteElo "2322"]
[BlackElo "2375"]
[Annotator "RC"]
[PlyCount "102"]
[EventDate "2023.12.27"]
[EventType "swiss"]
[EventCountry "SWE"]
[SourceTitle "playchess.com"]
[Source "ChessBase"]
[SourceQuality "1"]
[TimeControl "40/5400+30:1800+30"]

1. e4 c6 2. d4 d5 3. exd5 cxd5 4. Bd3 Nc6 5. c3 g6 6. Qb3 Bg7 7. Bf4 Nh6 8. Nf3 O-O 9. Nbd2 f6 10. O-O Nf7 11. Bg3 e5 12. dxe5 fxe5 13. Be2 b6 14. Rfd1 Bb7 15. Qa4 a6 16. Nf1 b5 17. Qa3 e4 18. N3d2 Qb6 19. Nb3 b4 20. cxb4 d4 21. Nc5 d3 22. Bg4 Nxb4 23. Nxb7 Qxb7 24. Qb3 Ra7 25. Ne3 Nc2 26. Rab1 Qxb3 27. axb3 Nd4 28. b4 h5 29. Bh3 g5 30. f3 exf3 31. gxf3 Nxf3+ 32. Kh1 g4 33. Bg2 N7e5 34. Bxe5 Nxe5 35. Be4 Rd7 36. Ra1 Rd4 37. Bd5+ Kh7 38. Be6 Rd6 39. Bf5+ Kh6 40. Be4 Kg5 41. Nd5 Rf2 42. Rf1 g3 43. Rxf2 gxf2 44. Kg2 Ng4 45. h3 Nf6 46. Nxf6 Bxf6 47. Kxf2 Kf4 48. Bb7 Bh4+ 49. Kf1 Rd7 50. Bxa6 Ke3 51. Ra3 Ke4 1/2-1/2

[Event "51st Rilton Cup 2023-24"]
[Site "Stockholm"]
[Date "2023.12.31"]
[Round "5.21"]
[White "Kavutskiy, Konstantin"]
[Black "Xylogiannopoulos, Antonios"]
[Result "1-0"]
[ECO "D36"]
[WhiteElo "2384"]
[BlackElo "2248"]
[Annotator "RC"]
[PlyCount "61"]
[EventDate "2023.12.27"]
[EventType "swiss"]
[EventCountry "SWE"]
[SourceTitle "playchess.com"]
[Source "ChessBase"]
[SourceQuality "1"]
[TimeControl "40/5400+30:1800+30"]

1. d4 d5 2. c4 e6 3. Nf3 h6 4. Nc3 Nf6 5. cxd5 exd5 6. Bf4 Bd6 7. Be5 c6 8. Qc2 O-O 9. e3 Qe7 10. Bd3 Nbd7 11. Bxd6 Qxd6 12. O-O Re8 13. h3 Qe7 14. Nd2 Nb6 15. Rab1 Be6 16. b4 a6 17. a4 Nfd7 18. Nb3 Qh4 19. Nc5 Nf6 20. Rfe1 Re7 21. Ne2 g5 22. a5 Nc8 23. Nxe6 fxe6 24. Bxa6 Ne4 25. f3 Qf2+ 26. Kh2 g4 27. Rf1 Qxe3 28. fxe4 bxa6 29. exd5 cxd5 30. Qg6+ Rg7 31. Qe8+ 1-0

[Event "51st Rilton Cup 2023-24"]
[Site "Stockholm"]
[Date "2024.01.02"]
[Round "6.1"]
[White "Raja Rithvik R"]
[Black "Blomqvist, Erik"]
[Result "1/2-1/2"]
[ECO "C78"]
[WhiteElo "2500"]
[BlackElo "2521"]
[Annotator "TA"]
[PlyCount "61"]
[EventDate "2023.12.27"]
[EventType "swiss"]
[EventCountry "SWE"]
[SourceTitle "playchess.com"]
[Source "ChessBase"]
[SourceQuality "1"]
[TimeControl "40/5400+30:1800+30"]

1. e4 e5 2. Nf3 Nc6 3. Bb5 a6 4. Ba4 Nf6 5. O-O b5 6. Bb3 Bc5 7. a4 Rb8 8. c3 d6 9. d4 Bb6 10. h3 {[%emt 0:01:12] C78: Ruy Lopez: Archangelsk and Möller Defences.} O-O 11. Be3 h6 12. Nbd2 Re8 13. Re1 exd4 14. cxd4 Nb4 ({Don't play} 14... Nxe4 15. Nxe4 Rxe4 16. Bd5 Rxe3 17. Rxe3 $16 (17. fxe3 Qe8 $14)) 15. axb5 (15. e5 {seems wilder.} Nfd5 16. Ne4 Bb7 17. Bd2) 15... axb5 {[%emt 0:00:09] The position is equal.} 16. d5 {[%emt 0:00:32] [#]} c5 $146 (16... Nxe4 $2 17. Nxe4 Rxe4 18. Bxb6 Rxe1+ 19. Qxe1 $18) ({Predecessor:} 16... Nd3 17. Re2 Nxb2 18. Qc2 Na4 19. Nd4 Bd7 20. Bxa4 bxa4 21. Nc6 Bxc6 22. dxc6 Qe7 23. Rxa4 Bxe3 24. Rxe3 {1-0 Bilych,O (2420)-Tin,J (2562) Titled Tuesday intern op 04th Oct Early blitz 2022 (3)}) 17. dxc6 Nxc6 18. Qe2 Be6 19. Bxe6 (19. Qxb5 $2 {perishes.} Bxe3 20. Qxc6 Bxd2 21. Nxd2 Bxb3 $19) 19... Rxe6 20. Qxb5 Bxe3 21. Qxc6 Bxd2 22. Nxd2 d5 23. Qc2 Nxe4 24. Nxe4 dxe4 25. Rxe4 Rxe4 26. Qxe4 Rxb2 $11 {[%emt 0:00:07] KQR-KQR} 27. Ra8 {[%emt 0:00:51][%cal Ra8d8] [#]} Rb8 28. Rxb8 Qxb8 29. g3 g6 30. h4 h5 31. Kg2 {[%emt 0:00:04] An interesting draw.   Weighted Error Value: White=0.03 (flawless) /Black=0.02 (flawless)} 1/2-1/2

[Event "51st Rilton Cup 2023-24"]
[Site "Stockholm"]
[Date "2024.01.02"]
[Round "6.2"]
[White "Trost, Edvin"]
[Black "Kulaots, Kaido"]
[Result "1-0"]
[ECO "E11"]
[WhiteElo "2434"]
[BlackElo "2524"]
[Annotator "TA"]
[PlyCount "99"]
[EventDate "2023.12.27"]
[EventType "swiss"]
[EventCountry "SWE"]
[SourceTitle "playchess.com"]
[Source "ChessBase"]
[SourceQuality "1"]
[TimeControl "40/5400+30:1800+30"]

1. d4 Nf6 2. c4 e6 3. Nf3 d5 4. g3 Bb4+ 5. Bd2 Be7 6. Bg2 O-O 7. O-O Nbd7 8. Bc3 {[%emt 0:03:39] E11: Bogo-Indian.} Ne4 9. a4 a5 10. Nbd2 {[%emt 0:00:13] The position is equal.} f5 11. Nxe4 {[%emt 0:06:47] [#]} dxe4 $146 ({Predecessor:} 11... fxe4 12. Nd2 c6 13. e3 Bf6 14. Qb3 Qb6 15. Qxb6 Nxb6 16. b3 Re8 17. f3 exf3 18. Bxf3 e5 19. Bh5 Re7 20. dxe5 Bxe5 21. Bxe5 Rxe5 22. Bf7+ Kh8 23. Bxd5 {½-½ Palomo Teruel,X (2096)-Alvarez Albiol,V (2214) Andorra op 39th 2023 (5)}) 12. Nd2 c5 13. Nb3 Qc7 14. Qc2 e5 15. d5 Nf6 16. f3 exf3 ({Better is} 16... e3 $1 $11) 17. exf3 $14 Bd6 18. Rae1 Bd7 19. Nc1 Rae8 20. b3 b6 21. Qb2 (21. Bh3 $14) 21... f4 $11 22. gxf4 exf4 23. Nd3 Bf5 (23... Re3 $5 24. Ne5 Re8 25. Nxd7 Qxd7 $11) 24. Ne5 (24. Nf2 $11 {is superior.}) 24... Nd7 $15 25. Nc6 Nb8 26. Nxb8 Rxb8 27. Rf2 Rbe8 28. Rfe2 $1 Qf7 29. Bf1 Rxe2 30. Qxe2 Qh5 31. Kh1 Qg6 32. Ba1 h6 33. Qb2 Rf7 34. Qd2 Rf8 ({Black should try} 34... Rd7 $15) 35. Bd3 $11 Qf7 (35... Bxd3 $14 36. Rg1 (36. Re6 Qf5 $11) 36... Re8 37. Rxg6 Bxg6) 36. Rg1 $18 g5 37. Qc3 Qh7 {[%emt 0:00:02] Against Qh8+} 38. Bxf5 Rxf5 39. Re1 {[%emt 0:00:26] Prevents Be5. aiming for Re6.} Rf7 (39... Bf8 $142 40. Qc2 Rf7 41. Qxh7+ Kxh7) 40. Re6 Bf8 {[%emt 0:00:45] [#]} 41. Qe5 (41. Rxb6 $2 Qb1+ 42. Kg2 Bg7 $19) ({Only move:} 41. d6 $1 $18 {[%cal Oe6g6] Hoping for Rg6+!} Bg7 42. Re8+ Bf8 43. Re6) 41... Rg7 {[%emt 0:02:12][%mdl 8192] Inhibits Rg6.} (41... Qb1+ $11 {and Black is okay.} 42. Qe1 (42. Kg2 Bg7 $11 {[%mdl 64] Skewer}) 42... Qxb3) 42. Rxb6 $2 (42. Qe4 $18 Qxe4 43. fxe4) 42... Qb1+ (42... Re7 $16 {keeps fighting.} 43. Re6 Rb7) 43. Kg2 {[%emt 0:00:05] And now Rb8 would win.} Qc2+ 44. Kg1 (44. Kh3 g4+ 45. fxg4 Qd3+ 46. Kh4 Be7+ 47. Rf6 Qf3 48. Qe6+ Kh8 49. Qc8+ Rg8 $19) 44... g4 $2 (44... Qd1+ 45. Kf2 (45. Kg2 Qd2+ 46. Kf1 Qd1+ 47. Kf2 Qd2+ 48. Qe2 Qxe2+ 49. Kxe2 Re7+ 50. Kf2 Re3 $18) 45... Qd2+ 46. Kf1 (46. Qe2 Qxe2+ 47. Kxe2 Re7+ 48. Kf2 Re3 $18) 46... Qc1+ 47. Kf2 Qd2+ 48. Qe2 Qxe2+ 49. Kxe2 Re7+ 50. Kf2 Kf7) 45. Qe6+ {[%emt 0:00:57] White is clearly winning.} (45. Rxh6 gxf3+) 45... Kh7 46. Qxh6+ {[%emt 0:01:28][%mdl 64] [#] Pin, Double Attack} ({Stronger than} 46. fxg4 Qd1+ 47. Kf2 (47. Kg2 $2 Rxg4+ $19) 47... Qxa1 $11) 46... Kg8 47. Qe6+ (47. Qxf4 {gets mated.} gxf3+) 47... Kh7 48. Qe4+ ({Not} 48. fxg4 f3 49. Qh6+ Kg8 50. Qe6+ Kh7 51. Qh6+ {[%mdl 64] Pin, Double Attack} Kg8 52. Qe6+ Kh7 $11) 48... Qxe4 49. fxe4 Rf7 50. Rf6 {[%emt 0:00:24] A cool game by Trost.   Weighted Error Value: White=0.23 (precise) /Black=0.43} 1-0

[Event "51st Rilton Cup 2023-24"]
[Site "Stockholm"]
[Date "2024.01.02"]
[Round "6.3"]
[White "Socko, Bartosz"]
[Black "Malek, Jan"]
[Result "1/2-1/2"]
[ECO "E05"]
[WhiteElo "2550"]
[BlackElo "2434"]
[Annotator "TA"]
[PlyCount "88"]
[EventDate "2023.12.27"]
[EventType "swiss"]
[EventCountry "SWE"]
[SourceTitle "playchess.com"]
[Source "ChessBase"]
[SourceQuality "1"]
[TimeControl "40/5400+30:1800+30"]

1. d4 Nf6 2. c4 e6 3. g3 d5 4. Bg2 Be7 5. Nf3 O-O 6. O-O dxc4 7. Qc2 b5 8. a4 {[%emt 0:00:42] E05: Open Catalan: 5 Nf3 Be7.} b4 9. Nfd2 Nd5 10. Nxc4 {[%emt 0:02:00] White is slightly better.} c5 11. e4 Nb6 12. Nxb6 axb6 13. dxc5 Bxc5 14. Rd1 {[%emt 0:03:41] [#]} Qe7 $146 ({Predecessor:} 14... Qc7 15. Be3 Na6 16. Bxc5 Nxc5 17. Nd2 Ba6 18. Nb3 Rac8 19. Rac1 Qe7 20. Nxc5 Rxc5 {½-½ Sjugirov,S (2663)-Hakobyan,A (2598) PNWCC Online Blitz JP 21 2021 (3)}) 15. Nd2 Nc6 {[%emt 0:09:24] And now ...Nd4 would win.} 16. Nb3 {[%emt 0:00:58] Repels Nd4. The position is equal.} e5 17. Nxc5 bxc5 18. Be3 Nd4 19. Bxd4 cxd4 20. Rdc1 Be6 21. Qc5 {[%emt 0:02:46] Inhibits Rfc8.} Qxc5 22. Rxc5 d3 23. Bf3 d2 24. a5 $1 Rfc8 25. Rxc8+ Rxc8 $11 {[%emt 0:00:01][%mdl 4096] Endgame KRB-KRB} 26. Rd1 Rc2 {[%emt 0:10:18] [#] Strongly threatening ...Bc4.} 27. a6 {[%emt 0:00:25] Threatens to win with a7.} Bd7 28. a7 Bc6 29. Kf1 $132 {[%emt 0:05:08][%mdl 2048] White has counterplay} Rxb2 30. Ra1 {[%emt 0:04:24] Repels Ra2} Ba8 31. Bd1 {[%emt 0:00:05] Inhibits Rc2.} f6 32. Ke2 Kf7 33. f3 {[%emt 0:01:15][%cal Oa1a2] [#] aiming for Ra2!} Ke7 34. Kd3 b3 35. Ra4 (35. Kc3 $5 Ra2 $8 36. Rxa2 {[%mdl 64] Remove Defender} bxa2 37. Kb2 $11) 35... Kd6 36. Kc3 {[%emt 0:03:04][%csl LRb2,LRb3] Chess con chili.} Rb1 37. Kxd2 Kc5 {[%emt 0:00:06] ...b2 is the strong threat.} 38. Ra5+ Kb6 (38... Kb4 $5 39. Ra6 $8 Kc5 $11) 39. Ra3 b2 40. Ke2 (40. Bc2 Rh1 41. Rb3+ Kxa7 $17) 40... g5 41. g4 ({But not} 41. Bc2 Rh1 42. Rb3+ Kxa7 $17) 41... Kb7 42. Ra4 ({Reject} 42. Bc2 Rh1 43. Rb3+ Kxa7 $17) 42... Kb6 43. Ra3 ({Of course not} 43. Bc2 Rh1 44. Rb4+ Kxa7 $17) 43... Kb5 {[%emt 0:00:54][%cal Ob1d1] White must now prevent ...Rxd1!} (43... Ra1 $5 44. Rb3+ $8 Kc5 45. Rxb2 Bc6 $11) 44. Ra2 Kb6 {[%emt 0:00:00] Weighted Error Value: White=0.01 (flawless) /Black=0.02 (flawless)} 1/2-1/2